 Dungeon Crawl Stone Soup version 0.27-a0-46-g34d46f0a3f (webtiles) character file.

Game seed: 911258499387202449

380 Borgoz the Skirmisher (level 6, 0/53 HPs)
             Began as a Ghoul Monk on Jan 7, 2021.
             Slain by a rat (2 damage)
             ... on level 3 of the Dungeon.
             The game lasted 00:03:23 (3051 turns).

Borgoz the Skirmisher (Ghoul Monk)                  Turns: 3051, Time: 00:03:23

Health: 0/53       AC: 10    Str: 17    XL:     6   Next: 75%
Magic:  5/5        EV:  8    Int:  5    God:
Gold:   115        SH:  0    Dex: 11    Spells: 5/5 levels left

rFire    . . .     SeeInvis .     - Unarmed
rCold    + . .     Faith    .   (no shield)
rNeg     + + +     Spirit   .   i - +0 chain mail
rPois    ∞         Reflect  .   (no helmet)
rElec    .         Harm     .   (no cloak)
rCorr    .         Rampage  .   (no gloves)
Will     .....                  d - +0 pair of boots
Stlth    ..........             a - amulet of the acrobat
HPRegen  0.00/turn              (no ring)
MPRegen  0.09/turn              (no ring)

@: no status effects
A: claws 1, cold resistance 1, negative energy resistance 3, inhibited
regeneration, torment resistance, unbreathing
a: no special abilities


You were on level 3 of the Dungeon.
You visited 1 branch of the dungeon, and saw 3 of its levels.

You collected 115 gold pieces.

Inventory:

Armour
 d - a +0 pair of boots (worn)
 i - a +0 chain mail (worn)
Jewellery
 a - an amulet of the acrobat (around neck)
 b - an uncursed amulet of faith
 n - an uncursed ring of see invisible {unknown}
Wands
 g - a wand of flame (1)
Scrolls
 c - 2 scrolls of remove curse
 l - a scroll of immolation {unknown}
 m - 2 scrolls of amnesia {unknown}
 o - a scroll of teleportation {unknown}
Potions
 e - a potion of brilliance {unknown}
 f - a potion of might
 h - a potion of magic {unknown}
 j - a potion of degeneration {unknown}
 k - a potion of curing {unknown}
 p - a potion of flight {unknown}


   Skills:
 + Level 4.4 Fighting
 * Level 3.2 Armour
 * Level 4.4 Dodging
 - Level 2.1 Stealth
 + Level 4.4 Unarmed Combat


You had 5 spell levels left.
You didn't know any spells.
Your spell library was empty.

Dungeon Overview and Level Annotations

Branches:
Dungeon (3/15)

Altars:


Innate Abilities, Weirdness & Mutations

You thrive by killing the living.
You are immune to poison.
You have sharp fingernails.
Your flesh is cold resistant. (rC+)
You are immune to negative energy. (rN+++)
You do not regenerate when monsters are visible.
You are immune to unholy pain and torment.
You can survive without breathing.


Message History

The gnoll misses you.
A gnoll comes into view. It is wielding a +0 club.
The gnoll shouts!
You scratch the gnoll.
You kill the gnoll!
You feel better. The gnoll barely misses you.
You scratch the gnoll.
The gnoll is lightly wounded.
The rat bites you but does no damage. The gnoll barely misses you.
You barely miss the gnoll.
The gnoll is lightly wounded.
The rat closely misses you. The gnoll hits you with a +0 halberd!
* * * LOW HITPOINT WARNING * * *
You closely miss the gnoll.
The gnoll is lightly wounded.
The rat misses you. The gnoll hits you but does no damage.
You closely miss the gnoll.
The gnoll is lightly wounded.
The rat bites you.
You die...

##.#.# ... ≈.... ###.#
...≈ ≈.... #.#
...≈♣♣♣♣♣♣≈.... #.#
....≈≈≈≈≈≈....≈ #.#
≈...g........≈≈ #.#
≈≈..........≈≈########.#
#≈≈.....g..≈≈##.........
#≈≈...@r.≈≈##..########
##≈≈≈..≈≈≈##..##
####''####..##
#.......## #########


You could see 2 gnolls and a rat.

Vanquished Creatures
  Grinder (D:3)
  An orc priest (D:3)
  Jessica (D:2)
  2 gnolls (D:3)
  2 adders (D:3)
  4 worms
  A dart slug (D:3)
  A leopard gecko (D:2)
  5 orcs (D:3)
  6 bats
  4 giant cockroaches
  3 goblins
  5 hobgoblins
  12 jackals
  5 kobolds
  A quokka (D:3)
  4 frilled lizards
  2 rats (D:2)
60 creatures vanquished.

Notes
Turn   | Place    | Note
-------+----------+-------------------------------------------
     0 | D:1      | Borgoz the Ghoul Monk began the quest for the Orb.
     0 | D:1      | Reached XP level 1. HP: 19/19 MP: 0/0
   189 | D:1      | Reached XP level 2. HP: 26/26 MP: 1/1
   506 | D:1      | Reached skill level 1 in Armour
  1057 | D:2      | Reached XP level 3. HP: 30/31 MP: 2/2
  1164 | D:2      | Found a faded altar of an unknown god.
  1214 | D:2      | Noticed Jessica
  1225 | D:2      | Killed Jessica
  1226 | D:2      | Reached XP level 4. HP: 37/40 MP: 3/3
  1985 | D:3      | Noticed Grinder
  2019 | D:3      | Killed Grinder
  2020 | D:3      | Reached XP level 5. HP: 8/46 MP: 4/4
  2020 | D:3      | Reached XP level 6. HP: 9/52 MP: 5/5
  3049 | D:3      | HP: 2/53 [gnoll/+0 halberd (10)]
  3051 | D:3      | Slain by a rat

Illustrated notes

Levels and vault maps discovered:
D:1:      zelgadis_glass_arrival_large, layout_basic,
          minmay_misc_feat_diagonals, minmay_misc_feat_rugged,
          chequers_arboretum, chequers_serial_rivers_large_a
D:2:      layout_basic, chequers_ecumenical_altar_island, uniq_jessica
D:3:      layout_loops_ring, minmay_misc_feat_chi, kennysheep_big_empty_room,
          supply_closet_lemuel, uniq_grinder

Skill      XL: |  1  2  3  4  5  6 |
---------------+-------------------+-----
Armour         | 1 2 3 |  3.2
Dodging        | 3 4 |  4.4
Fighting       | 4 |  4.4
Unarmed Combat | 4 |  4.4
Stealth        | |  2.1

Action                   |  1- 3 |  4- 6 || total
-------------------------+-------+-------++-------
Melee: Unarmed           |    75 |   188 ||   263
       Punch             |     2 |     2 ||     4
Throw: Throwing net      |       |     2 ||     2
  Use: Scroll            |       |     4 ||     4
 Stab: Sleeping          |     4 |       ||     4
Armor: Robe              |    15 |       ||    15
       Leather armour    |     8 |       ||     8
       Chain mail        |       |    82 ||    82
Dodge: Dodged            |    54 |    83 ||   137

Table legend: (Time is in decaauts)
 A = Elapsed time spent in this place.
 B = Non-inter-level travel time spent in this place.
 C = Inter-level travel time spent in this place.
 D = Time resting spent in this place.
 E = Time spent auto-exploring this place.
 F = Levels seen in this place.
 G = Mean time per level.
                   A        B        C        D        E       F      G
               +--------+--------+--------+--------+--------+-----+--------+
         Total |   3048 |   2996 |     52 |    223 |   2253 |   3 | 1016.0 |
       Dungeon |   3048 |   2996 |     52 |    223 |   2253 |   3 | 1016.0 |
               +--------+--------+--------+--------+--------+-----+--------+

Top non-repeatable levels by time:
     D:3: 1080 daAuts
     D:2: 1058 daAuts
     D:1: 909 daAuts
